 Dungeon Crawl Stone Soup version 0.32-a0-685-g93135e86f0 (webtiles) character file.

Game seed: 18208608073333090598

6031 Yenzu the Covered (level 10, -3/60 HPs)
             Began as a Gargoyle Earth Elementalist on Mar 10, 2024.
             Was a Believer of Elyvilon.
             Slain by a wolf (8 damage)
             ... on level 1 of the Lair of Beasts on Mar 12, 2024.
             The game lasted 01:47:26 (9771 turns).

Yenzu the Covered (Gargoyle Earth Elementalist)     Turns: 9771, Time: 01:47:27

Health: -3/60      AC: 21    Str: 14    XL:     10   Next: 86%
Magic:  21/26      EV: 12    Int: 16    God:    Elyvilon [**....]
Gold:   465        SH:  0    Dex: 12    Spells: 10/19 levels left

rFire   + . .        b - +3 trident (venom)
rCold   + . .        (no shield)
rNeg    + . .        z - +3 ring mail
rPois   ∞            (helmet restricted)
rElec   +            m - +0 cloak
rCorr   +            j - +0 pair of gloves
SInv    .            (no boots)
Will    .....        J - amulet of regeneration
Stlth   ++           H - ring of poison resistance
HPRegen 1.10/turn    n - ring of magical power
MPRegen 0.20/turn

%: no passive effects
@: resistant, very slightly contaminated, hasted, invisible, very quick
A: sickness immunity, AC +7, negative energy resistance 1, electricity
resistance, torment resistance 1, petrification resistance, horns 1, iridescent
scales 1
a: Renounce Religion, Purification, Heal Other


You were on level 1 of the Lair of Beasts.
You worshipped Elyvilon.
Elyvilon was pleased with you.
You visited 3 branches of the dungeon, and saw 11 of its levels.
You also visited: Sewer.

You collected 619 gold pieces.
You spent 154 gold pieces at shops.

Inventory:

Hand Weapons
 b - a +3 trident of venom (weapon)
 c - a +2 flail of draining
 i - a +2 dagger of protection
 k - a +3 falchion of freezing
 w - the +0 flail "Koklicuck" {flame, *Slow Fly Dex+9 Stlth-}
   (You found it on level 3 of the Dungeon)

   Dex+9:     It affects your dexterity (+9).
   Fly:       It grants you flight.
   *Slow:     It may slow you when you take damage.
   Stlth-:    It makes you less stealthy.
 x - a +0 short sword of holy wrath
 E - a +0 shortbow
 F - a +2 mace of protection
 G - a +4 mace
 L - a +2 quarterstaff of chaos
 M - a +0 hammer
 Q - a +3 scimitar
 R - a +0 hand cannon of flaming
 S - a +1 short sword of protection
 T - a +4 trident
 U - a +2 hand axe of freezing
Missiles
 h - 75 stones
 r - 5 javelins
 s - 5 silver javelins
 v - 20 poisoned darts
 y - 6 curare-tipped darts
Armour
 a - a +0 robe
 d - a +0 leather armour
 j - a +0 pair of gloves (worn)
 m - a +0 cloak (worn)
 o - a +0 scale mail
 t - a +0 helmet
 z - a +3 ring mail (worn)
 P - +0 steam dragon scales
Jewellery
 n - a ring of magical power (right hand)
 A - a ring of positive energy
 H - a ring of poison resistance (left hand)
 J - an amulet of regeneration (around neck)
Scrolls
 g - 4 scrolls of noise
 u - a scroll of identify
 B - a scroll of torment
 C - 2 scrolls of amnesia
Potions
 e - 2 potions of enlightenment
 l - 2 potions of degeneration
 p - 2 potions of might
 q - 4 potions of lignification
 D - a potion of mutation
 K - a potion of haste
 O - a potion of resistance


   Skills:
 + Level 5.9 Fighting
 + Level 2.7(2.8) Short Blades
 + Level 0.9(2.0) Long Blades
 + Level 5.3 Maces & Flails
 + Level 3.9 Polearms
 + Level 3.8 Ranged Weapons
 + Level 1.3 Throwing
 + Level 7.0 Armour
 + Level 5.4 Dodging
 + Level 3.7 Stealth
 + Level 5.0 Spellcasting
 + Level 1.1 Conjurations
 + Level 0.4 Air Magic
 + Level 6.3 Earth Magic
 + Level 0.3 Alchemy
 + Level 2.2 Invocations
 + Level 0.3 Evocations


You had 10 spell levels left.
You knew the following spells:

 Your Spells              Type           Power      Damage    Failure   Level
a - Sandblast             Erth           48%        2d12      2%          1
b - Passwall              Erth           24%        N/A       6%          3
c - Stone Arrow           Conj/Erth      30%        3d8       19%         3
d - Mercury Vapours       Alch/Air       10%        N/A       36%         2

Your spell library contained the following spells:

 Spells                   Type           Power      Damage    Failure   Level
 Sting                    Conj/Alch      24%        1d4       21%         1
 Kiss of Death            Conj/Necr      20%        2d7       22%         1
 Ensorcelled Hibernation  Hex/Ice        8%         N/A       38%         2
 Brom's Barrelling Bould  Conj/Erth      15%        2d4       52%         4
 Mephitic Cloud           Conj/Alch/Air  6%         N/A       54%         3
 Dazzling Flash           Conj/Hex       10%        N/A       56%         3
 Petrify                  Alch/Erth      14%        N/A       56%         4
 Confusing Touch          Hex            4%         N/A       63%         3
 Fugue of the Fallen      Necr           4%         N/A       63%         3
 Inner Flame              Hex/Fire       4%         N/A       63%         3
 Olgreb's Toxic Radiance  Alch           5%         N/A       94%         4
 Anguish                  Hex/Necr       2%         N/A       95%         4
 Dispel Undead            Necr           4%         3d7       95%         4
 Irradiate                Conj/Alch      3%         3d12      99%         5
 Curse of Agony           Necr           4%         N/A       100%        5
 Silence                  Hex/Air        2%         N/A       100%        5
 Ignition                 Fire           2%         3d3       100%        8


Dungeon Overview and Level Annotations

Branches:
Dungeon (9/15)             Temple (1/1) D:5            Lair (1/5) D:9
  Sewer (visited)
    Orc: D:9-12

Altars:
Ashenzari
Cheibriados
Dithmenos
Elyvilon
Fedhas
Gozag
Hepliaklqana
Kikubaaqudgha
Makhleb
Nemelex Xobeh
Okawaru
Ru
Sif Muna
Trog
Uskayaw
Vehumet
Wu Jian
Xom
Yredelemnul
Zin
Beogh

Shops:
D:4 ?   D:6 [


Innate Abilities, Weirdness & Mutations

You are immune to sickness and miasma.
Your stone body is resilient. (AC +7)
You are immune to poison.
You resist negative energy. (rN+)
You are resistant to electric shocks. (rElec)
You are resistant to unholy torment.
You are immune to petrification.
You have a pair of small horns on your head.
You are partially covered in iridescent scales. (AC +2)


Message History

* * * LOW HITPOINT WARNING * * *
You barely miss the wolf. Your headbutt misses the wolf.
The wolf bites you but does no damage. The wolf bites you!
* * * LOW HITPOINT WARNING * * *
The wolf bites you but does no damage. x3; The wolf barely misses you. x2
The wolf closely misses you. The wolf bites you.
Elyvilon protects you from harm! The wolf bites you but does no damage.
The wolf barely misses you.
Okay, then.
The wolf attacks as it pursues you! The wolf closely misses you. x3
The wolf bites you but does no damage.
You hit the wolf.
You headbutt the wolf, but do no damage.
The wolf is almost dead.
The wolf bites you but does no damage. x2; The wolf completely misses you.
The wolf barely misses you. The wolf misses you.
The wolf bites you but does no damage. x2
The wolf howls!
You hit the wolf but do no damage.
The wolf is poisoned.
The wolf is no longer weakened.
The wolf bites you but does no damage.
The wolf misses you. x2; The wolf bites you but does no damage. x2
The wolf closely misses you.
The wolf bites you but does no damage. x2
You puncture the wolf!
The wolf is poisoned.
Your headbutt misses the wolf.
The wolf is heavily wounded.
The wolf bites you but does no damage. The wolf closely misses you.
The wolf barely misses you. The wolf bites you!
Elyvilon protects you from harm!
The wolf barely misses you. x2; The wolf closely misses you.
The wolf bites you but does no damage. The wolf closely misses you.
You barely miss the wolf. Your headbutt misses the wolf.
The wolf is lightly wounded.
The wolf closely misses you. The wolf bites you but does no damage.
The wolf bites you.
* * * LOW HITPOINT WARNING * * *
The wolf completely misses you. The wolf bites you but does no damage.
The wolf barely misses you. x2
The wolf is no longer weakened.
You kill the wolf!
The wolf is no longer weakened.
The wolf bites you!
You die...

.................... ##.#.
..................>....... .....
.......................... .....
........................# .####
........................#
....................h...#
........................#
................hhh.....#########
...........÷....@.h.....h........
................hhh..............
.............÷÷÷.................
.######...####.÷..#######P...####
.# ##### #...## ##...# ## ##
#...## ###....#
.#P##.###....#####..#...####
.................÷...............
.................................


You could see 8 wolves.

Vanquished Creatures
  A rime drake (Lair:1)
  Grinder (D:3)
  4 blink frogs (Lair:1)
  A shadow (D:7)
  7 yaks
  A wyvern (D:9)
  2 steam dragons (D:8)
  A basilisk (D:9)
  3 water moccasins
  An orc warrior (D:8)
  A sky beast (D:7)
  2 ice beasts
  A black bear (D:4)
  2 centaurs
  6 wolves (Lair:1)
  4 kobold brigands
  A phantom (D:6)
  4 bullfrogs
  A scorpion (D:6)
  6 wights
  A howler monkey (D:7)
  A bombardier beetle (D:5)
  7 orc priests
  A jelly (D:6)
  Crazy Yiuf (D:6)
  A hound (D:6)
  3 orc wizards
  Terence (D:2)
  2 iguanas (D:7)
  A hound zombie (D:3)
  7 adders
  2 gnolls (D:9)
  2 river rats (Sewer)
  A white imp (D:7)
  4 ufetubi
  An adder zombie (D:3)
  A ribbon worm (D:4)
  2 dart slugs
  47 orcs
  4 ball pythons
  9 endoplasms
  3 giant cockroaches
  5 goblins
  6 hobgoblins
  A jackal (Sewer)
  19 kobolds
  3 quokkas
  5 bats
  4 frilled lizards
  2 rats
197 creatures vanquished.

Vanquished Creatures (others)
  An orc (D:8)
1 creature vanquished.

Grand Total: 198 creatures vanquished

Notes
Turn   | Place    | Note
-------+----------+-------------------------------------------
     0 | D:1      | Yenzu the Gargoyle Earth Elementalist began the quest for
                  | the Orb.
     0 | D:1      | Reached XP level 1. HP: 10/10 MP: 3/3
   184 | D:1      | Reached XP level 2. HP: 15/15 MP: 1/5
   627 | D:1      | Reached XP level 3. HP: 18/19 MP: 3/6
   951 | D:2      | Noticed Terence
   982 | D:2      | Killed Terence
   983 | D:2      | Reached skill level 1 in Short Blades
   983 | D:2      | Reached skill level 1 in Armour
  1170 | D:2      | Reached XP level 4. HP: 24/24 MP: 7/7
  1608 | D:3      | Reached XP level 5. HP: 12/28 MP: 7/9
  1810 | D:3      | Found a glowing drain.
  1821 | D:3      | Reached skill level 1 in Fighting
  1830 | Sewer    | Entered a sewer
  1841 | Sewer    | Reached skill level 2 in Armour
  1882 | Sewer    | Noticed a kobold brigand
  1883 | Sewer    | Noticed a kobold brigand
  1893 | Sewer    | Killed a kobold brigand
  1894 | Sewer    | Reached XP level 6. HP: 30/34 MP: 10/10
  1903 | Sewer    | Reached skill level 5 in Earth Magic
  1943 | Sewer    | Found a white marble altar of Elyvilon.
  1954 | Sewer    | Became a worshipper of Elyvilon the Healer
  2084 | D:3      | Found a hide-covered altar of Uskayaw.
  2434 | D:3      | Reached * piety under Elyvilon
  2616 | D:3      | Reached skill level 1 in Polearms
  2617 | D:3      | Noticed Grinder
  2646 | D:3      | Identified the +0 flail "Koklicuck" {flame, *Slow Fly Dex+9
                  | Stlth-}
  2655 | D:3      | Killed Grinder
  2656 | D:3      | Reached skill level 3 in Armour
  2656 | D:3      | Reached XP level 7. HP: 15/40 MP: 11/11
  2659 | D:3      | Found a basalt altar of Yredelemnul.
  3376 | D:4      | Learned a level 3 spell: Passwall
  3380 | D:4      | Learned a level 3 spell: Stone Arrow
  3422 | D:4      | Found Iwuredgh's Magic Scroll Boutique.
  3425 | D:4      | Bought a scroll of fear for 44 gold pieces
  3425 | D:4      | Bought a scroll of fog for 44 gold pieces
  3439 | D:4      | Bought a scroll of identify for 22 gold pieces
  3439 | D:4      | Bought a scroll of identify for 22 gold pieces
  3457 | D:4      | Bought a scroll of identify for 22 gold pieces
  3556 | D:4      | Reached skill level 1 in Maces & Flails
  3561 | D:4      | HP: 1/40 [black bear (2)]
  3800 | D:4      | Reached ** piety under Elyvilon
  4073 | D:4      | Found a shimmering blue altar of Sif Muna.
  4118 | D:5      | Entered Level 5 of the Dungeon
  4145 | D:5      | Reached skill level 4 in Armour
  4226 | D:5      | Found a staircase to the Ecumenical Temple.
  4237 | D:5      | Noticed a yak
  4238 | D:5      | Noticed a yak
  4240 | D:5      | Noticed a yak
  4243 | Temple   | Found a transporter.
  4243 | Temple   | Found a transporter.
  4243 | Temple   | Found a transporter.
  4243 | Temple   | Found a transporter.
  4243 | Temple   | Entered the Ecumenical Temple
  4257 | Temple   | Killed a yak
  4258 | Temple   | Reached XP level 8. HP: 11/45 MP: 12/12
  4330 | Temple   | Upgraded the game from 0.32-a0-673-g3729bd50f8 to
                  | 0.32-a0-675-gdc239d62e1
  4364 | Temple   | Killed a yak
  4414 | Temple   | Killed a yak
  4820 | D:5      | Reached *** piety under Elyvilon
  5215 | D:5      | Learned a level 2 spell: Mercury Vapours
  5445 | D:6      | Reached skill level 5 in Armour
  5798 | D:6      | You are sucked into a shaft and drop 1 floor!
  5856 | D:6      | Reached XP level 9. HP: 19/51 MP: 14/14
  5879 | D:6      | Found Moed's Armour Boutique.
  6083 | D:6      | Found a runed translucent door.
  6084 | D:6      | Noticed Crazy Yiuf
  6094 | D:6      | Killed Crazy Yiuf
  6388 | D:7      | Reached skill level 5 in Maces & Flails
  6518 | D:7      | Reached **** piety under Elyvilon
  6798 | D:7      | HP: 2/52 [something (13)]
  6804 | D:7      | Elyvilon protects you from harm!
  7171 | D:7      | Reached skill level 6 in Armour
  8425 | D:8      | Reached XP level 10. HP: 29/58 MP: 17/17
  8487 | D:8      | Reached skill level 5 in Spellcasting
  8545 | D:8      | Reached skill level 1 in Throwing
  8671 | D:8      | Reached ***** piety under Elyvilon
  8700 | D:8      | Upgraded the game from 0.32-a0-675-gdc239d62e1 to
                  | 0.32-a0-685-g93135e86f0
  9142 | D:9      | Found a roughly hewn altar of Beogh.
  9259 | D:9      | Found a staircase to the Lair.
  9269 | D:9      | Reached skill level 1 in Ranged Weapons
  9278 | D:9      | Reached skill level 5 in Fighting
  9279 | Lair:1   | Entered Level 1 of the Lair of Beasts
  9417 | Lair:1   | Reached skill level 5 in Dodging
  9477 | Lair:1   | Reached skill level 7 in Armour
  9477 | Lair:1   | Reached skill level 1 in Invocations
  9690 | Lair:1   | Noticed an elephant
  9693 | Lair:1   | Noticed an elephant
  9698 | Lair:1   | Noticed an elephant
  9702 | Lair:1   | HP: 3/60 [elephant (5)]
  9708 | Lair:1   | HP: 2/60 [wolf (8)]
  9725 | Lair:1   | Identified a scroll of acquirement
  9725 | Lair:1   | Acquired a manual of Dodging
  9727 | Lair:1   | HP: 3/60 [wolf (2)]
  9732 | Lair:1   | Gained mutation: You are partially covered in iridescent
                  | scales. (AC +2) [potion of mutation]
  9732 | Lair:1   | Gained mutation: You have a pair of small horns on your
                  | head. [potion of mutation]
  9732 | Lair:1   | HP: 2/60 [elephant (1)]
  9737 | Lair:1   | Elyvilon protects you from harm!
  9765 | Lair:1   | HP: 2/60 [wolf (8)]
  9765 | Lair:1   | Elyvilon protects you from harm!
  9769 | Lair:1   | Elyvilon protects you from harm!
  9771 | Lair:1   | Slain by a wolf

Illustrated notes

Levels and vault maps discovered:
D:1:      minmay_arrival_solitary_statue, layout_loops_ring
D:2:      layout_loops_ring, uniq_terence
D:3:      layout_basic, lemuel_zombie_altar_yredelemnul, lemuel_crystal_altar,
          portal_sewer_entry_d, nicolae_figureground_sparkle, uniq_grinder
D:4:      layout_basic, lemuel_round_altar, serial_shops,
          nicolae_shop_window_shopping
D:5:      layout_gridville, minmay_temple_entry_tees
D:6:      layout_cave_pools, serial_shops, nicolae_shop_tiny_glass,
          kennysheep_minor_cross, uniq_crazy_yiuf_cottage
D:7:      layout_basic
D:8:      layout_basic
D:9:      layout_roguey [special_room_orc], david_lair_generic, david_orc_3
Temple:   hellmonk_temple_divided_pantheon
Lair:1:   layout_long_grid, grunt_megastairs_2, uniq_nergalle

Skill      XL: |  1  2  3  4  5  6  7  8  9 10 |
---------------+-------------------------------+-----
Earth Magic    | 4 5 6 |  6.3
Short Blades   | 1 2 |  2.7
Armour         | 1 2 3 4 5 6 7 |  7.0
Fighting       | 1 2 3 4 5 |  5.9
Dodging        | 2 3 4 5 |  5.4
Polearms       | 2 3 |  3.9
Spellcasting   | 3 4 5 |  5.0
Maces & Flails | 2 4 5 |  5.3
Stealth        | 3 |  3.7
Throwing       | 1 |  1.3
Ranged Weapons | 3 |  3.8
Invocations    | 2 |  2.2
Long Blades    | |  0.9
Conjurations   | |  1.1
Air Magic      | |  0.4
Alchemy        | |  0.3
Evocations     | |  0.3

Action                     |  1- 3 |  4- 6 |  7- 9 | 10-12 || total
---------------------------+-------+-------+-------+-------++-------
  Melee: Short sword       |    22 |    17 |    36 |     6 ||    81
         Dagger            |    58 |    18 |       |       ||    76
         Trident           |       |    65 |    37 |    62 ||   164
         Flail             |       |       |   269 |       ||   269
         Mace              |       |       |    30 |    20 ||    50
         Scimitar          |       |       |       |    19 ||    19
         Headbutt          |       |       |       |     1 ||     1
   Fire: Hand cannon       |       |       |       |   128 ||   128
  Throw: Dart              |       |     2 |     2 |       ||     4
         Stone             |       |       |     1 |       ||     1
   Cast: Sandblast         |    22 |     7 |    30 |     8 ||    67
         Mercury Vapours   |       |       |     3 |     1 ||     4
         Passwall          |       |       |     2 |     1 ||     3
 Invoke: Heal Self         |       |       |       |    17 ||    17
  Evoke: Wand              |       |     2 |     4 |     1 ||     7
    Use: Scroll            |     1 |     6 |    10 |     4 ||    21
         Potion            |       |     1 |     8 |     5 ||    14
 Armour: Leather armour    |    42 |       |       |       ||    42
         Scale mail        |     5 |   102 |       |       ||   107
         Ring mail         |       |       |   609 |   694 ||  1303
  Dodge: Dodged            |    47 |    57 |   470 |   568 ||  1142

Table legend: (Time is in decaauts)
 A = Elapsed time spent in this place.
 B = Non-inter-level travel time spent in this place.
 C = Inter-level travel time spent in this place.
 D = Time resting spent in this place.
 E = Time spent auto-exploring this place.
 F = Levels seen in this place.
 G = Mean time per level.
                   A        B        C        D        E       F      G
               +--------+--------+--------+--------+--------+-----+--------+
         Total |  10076 |   7997 |   2079 |    199 |     88 |  12 |  839.7 |
       Dungeon |   9047 |   6968 |   2079 |    199 |     88 |   9 | 1005.2 |
        Temple |    218 |    218 |      0 |      0 |      0 |   1 |  218.0 |
          Lair |    538 |    538 |      0 |      0 |      0 |   1 |  538.0 |
         Sewer |    271 |    271 |      0 |      0 |      0 |   1 |  271.0 |
               +--------+--------+--------+--------+--------+-----+--------+

Top non-repeatable levels by time:
     D:7: 1823 daAuts
     D:4: 1363 daAuts
     D:5: 1116 daAuts
     D:8: 1057 daAuts
     D:3: 1035 daAuts
     D:6: 852 daAuts
     D:1: 837 daAuts
     D:2: 727 daAuts
  Lair:1: 538 daAuts
   Sewer: 271 daAuts
     D:9: 233 daAuts
  Temple: 218 daAuts
